 Dungeon Crawl Stone Soup version 0.29.1 (webtiles) character file.

Game seed: 5771126318721792029

9 Hubris850 the Digger (level 2, -1/22 HPs)
             Began as a Draconian Earth Elementalist on Sept 14, 2022.
             Slain by a gnoll
             ... wielding a +0 spear
              (5 damage)
             ... on level 1 of the Dungeon.
             The game lasted 00:01:13 (358 turns).

Hubris850 the Digger (Draconian Earth Elementalist)  Turns: 358, Time: 00:01:14

Health: -1/22      AC:  4    Str: 10    XL:     2   Next: 3%
Magic:  4/5        EV: 12    Int: 15    God:
Gold:   5          SH:  0    Dex: 11    Spells: 4/5 levels left

rFire   . . .      SeeInvis .   b - +0 whip
rCold   . . .      Faith    .   (no shield)
rNeg    . . .      Spirit   .   (body armour unavailable)
rPois   .          Reflect  .   (helmet restricted)
rElec   .          Harm     .   (no cloak)
rCorr   .          Rampage  .   (no gloves)
Will    .....                   (no boots)
Stlth   ++........              (no amulet)
HPRegen 0.07/turn               (no ring)
MPRegen 0.09/turn               (no ring)

@: no status effects
A: AC +4, unfitting armour, cold-blooded
a: no special abilities


You were on level 1 of the Dungeon.
You visited 1 branch of the dungeon, and saw 1 of its levels.

You collected 5 gold pieces.

Inventory:

Hand Weapons
 b - a +0 whip (weapon)
Scrolls
 c - a scroll of magic mapping {unknown}
Potions
 a - a potion of magic


   Skills:
 + Level 0.5 Fighting
 - Level 0.2 Maces & Flails
 + Level 2.0 Dodging
 + Level 2.1 Stealth
 - Level 2.0 Spellcasting
 - Level 1.0 Transmutations
 - Level 3.0 Earth Magic


You had 4 spell levels left.
You knew the following spells:

 Your Spells              Type           Power      Damage    Failure   Level
a - Sandblast             Erth           20%        2d7       6%          1

Your spell library contained the following spells:

 Spells                   Type           Power      Damage    Failure   Level
 Passwall                 Tmut/Erth      5%         N/A       14%         2
 Stone Arrow              Conj/Erth      12%        3d7       34%         3
 Petrify                  Tmut/Erth      7%         N/A       67%         4


Dungeon Overview and Level Annotations

Branches:
Dungeon (1/15)

Altars:


Innate Abilities, Weirdness & Mutations

Your plain brown scales are hard. (AC +4)
You cannot fit into any form of body armour.
You are cold-blooded and may be slowed by cold attacks.


Message History

You barely miss the bat. The bat closely misses you.
The bat hits you but does no damage. The bat hits you but does no damage.
You closely miss the bat. The bat closely misses you.
The bat hits you but does no damage. The bat hits you.
A goblin comes into view. It is wielding a +0 club.
The goblin shouts!
The bat barely misses you.
You barely miss the bat.
Your tail-slap misses the bat.
The bat misses you.
You closely miss the bat. The bat barely misses you.
The bat hits you but does no damage. The bat closely misses you.
The bat hits you but does no damage. The bat hits you.
You miss the bat. The bat barely misses you.
You barely miss the goblin. The bat hits you.
A gnoll comes into view. It is wielding a +0 spear.
The goblin hits you but does no damage. The goblin misses you.
The blast of sand hits the goblin!
You kill the goblin!
The bat barely misses you. The bat hits you.
You have reached level 2!
The bat attacks as you move away! The bat hits you. The bat closely misses you.
The bat hits you but does no damage. The bat closely misses you.
The bat hits you but does no damage.
You barely miss the bat. The bat hits you but does no damage.
The bat barely misses you.
The gnoll hits you from afar with a +0 spear!
You barely miss the bat. The bat closely misses you. The bat barely misses you.
The gnoll hits you from afar with a +0 spear.
* * * LOW HITPOINT WARNING * * *
You barely miss the bat. The bat closely misses you.
The gnoll completely misses you. The bat hits you but does no damage.
You hit the bat.
The bat is severely wounded.
The bat closely misses you.
The gnoll hits you from afar with a +0 spear.
You die...

### ... #.. #..
####..###
........##
###.....#####
#....)...g.@#
#.#.....###b#
#..#.## #.#
#.....# #.#
##.#..# #.#
#.#..###.###
#.#..#.....####
#.#..#.###.##.##
#.#)...# #.....#


You could see a gnoll and a bat.

Vanquished Creatures
  3 ball pythons (D:1)
  2 endoplasms (D:1)
  A goblin (D:1)
  A bat (D:1)
  2 kobolds (D:1)
9 creatures vanquished.

Notes
Turn   | Place    | Note
-------+----------+-------------------------------------------
     0 | D:1      | Hubris850 the Draconian Earth Elementalist began the quest
                  | for the Orb.
     0 | D:1      | Reached XP level 1. HP: 14/14 MP: 3/3
   347 | D:1      | Reached XP level 2. HP: 17/22 MP: 3/5
   358 | D:1      | Slain by a gnoll

Illustrated notes

Levels and vault maps discovered:
D:1:      lemuel_arrival_cross, layout_loops_ring

Skill      XL: |  1 |
---------------+----+-----
Stealth        | 2 |  2.1
Dodging        | 2 |  2.0
Fighting       | |  0.5
Maces & Flails | |  0.2
Spellcasting   | |  2.0
Transmutations | |  1.0
Earth Magic    | |  3.0

Action                   || total
-------------------------++-------
Melee: Whip              ||    15
       Unarmed           ||     4
       Tailslap          ||     3
 Cast: Sandblast         ||     6
 Stab: Sleeping          ||     2
Armor: Skin              ||    12
Dodge: Dodged            ||    20
